[Event "5th EKA IIFL Investment 2019"]
[Site "Mumbai"]
[Date "2019.12.30"]
[Round "1.1"]
[White "Gupta, Abhijeet"]
[Black "Saurabh Anand"]
[Result "1/2-1/2"]
[ECO "D31"]
[WhiteElo "2611"]
[BlackElo "2269"]
[Annotator "ChessBase"]
[PlyCount "188"]
[EventDate "2019.12.30"]
[EventType "swiss"]
[EventCountry "IND"]
[SourceTitle "playchess.com"]
[Source "ChessBase"]
[SourceQuality "1"]
[TimeControl "40/5400+30:1800+30"]

1. d4 d5 2. c4 e6 3. Nc3 Be7 4. Nf3 Nf6 5. g3 O-O 6. Bg2 dxc4 7. Ne5 Nc6 8. Bxc6 bxc6 9. Nxc6 Qe8 10. Nxe7+ Qxe7 11. Qa4 c5 12. dxc5 Qxc5 13. Be3 Qc7 14. O-O-O Bd7 15. Qa3 Bc6 16. f3 Nd5 17. Bd4 Rac8 18. Rd2 Nxc3 19. Bxc3 Qb8 20. Rhd1 Bb5 21. Rd4 e5 22. Rd6 f6 23. g4 a6 24. h4 Rfd8 25. Qb4 Rxd6 26. Rxd6 Qa7 27. a4 Be8 28. Rb6 Bxa4 29. Qd6 Qd7 30. Rxa6 Qxd6 31. Rxd6 Rc7 32. Ra6 Bb3 33. Kd2 Kf7 34. Ke3 h6 35. g5 hxg5 36. hxg5 Re7 37. Bb4 Re6 38. Ra7+ Kg6 39. gxf6 gxf6 40. Ke4 Rb6 41. Ba3 Bd1 42. Ke3 Bb3 43. Rd7 Kf5 44. Kf2 e4 45. Bc5 Rc6 46. Bd4 exf3 47. exf3 Ke6 48. Ra7 Rd6 49. Bc3 Rd3 50. Rc7 Rd7 51. Rc8 Rd6 52. Kg3 Kf5 53. Rc5+ Kg6 54. Kg4 Re6 55. Kf4 Rd6 56. Kg4 Re6 57. Rd5 Bc2 58. Kf4 Bb1 59. Rd4 Ba2 60. Kg4 Bb3 61. Rd2 Ba2 62. Rd5 Bb1 63. Rd4 Ba2 64. f4 f5+ 65. Kh4 Rc6 66. Rd7 Bb1 67. Kg3 Re6 68. Be5 Rb6 69. Kf2 Be4 70. Ke3 Rb7 71. Rd8 Kf7 72. Rc8 Bd3 73. Rc6 Ke7 74. Bc3 Rd7 75. Bf6+ Kf7 76. Bd4 Rd5 77. b3 Rb5 78. bxc4 Rb3 79. Kd2 Be4 80. Rc7+ Ke6 81. Bc3 Rb7 82. Rc8 Kd7 83. Rh8 Rc7 84. Rh7+ Kc8 85. Rh6 Rxc4 86. Be5 Kd7 87. Ke3 Ra4 88. Bc3 Rc4 89. Be5 Ra4 90. Rd6+ Ke7 91. Rb6 Rc4 92. Ra6 Kd7 93. Kf2 Rc2+ 94. Ke3 Rc4 1/2-1/2

[Event "5th EKA IIFL Investment 2019"]
[Site "Mumbai"]
[Date "2019.12.30"]
[Round "1.2"]
[White "Pranav Vijay"]
[Black "Vaibhav, Suri"]
[Result "1/2-1/2"]
[ECO "B92"]
[WhiteElo "2265"]
[BlackElo "2597"]
[Annotator "ChessBase"]
[PlyCount "112"]
[EventDate "2019.12.30"]
[EventType "swiss"]
[EventCountry "IND"]
[SourceTitle "playchess.com"]
[Source "ChessBase"]
[SourceQuality "1"]
[TimeControl "40/5400+30:1800+30"]

1. e4 c5 2. Nf3 d6 3. d4 cxd4 4. Nxd4 Nf6 5. Nc3 a6 6. Be2 e5 7. Nb3 Be7 8. O-O O-O 9. Kh1 Nc6 10. f4 Re8 11. f5 h6 12. Be3 b5 13. a4 b4 14. Nd5 Rb8 15. Qd3 Bb7 16. Bb6 Qc8 17. Nxf6+ Bxf6 18. Qxd6 Nd4 19. Bd3 Be7 20. Qc7 Qxc7 21. Bxc7 Rbc8 22. Nxd4 Rxc7 23. Nb3 Rd8 24. Na5 Ba8 25. b3 Rd4 26. Rae1 Bg5 27. Nc4 Rc5 28. g3 h5 29. Kg2 Bb7 30. h4 Bh6 31. Kf3 a5 32. Re2 Kf8 33. Kg2 Ke7 34. Kf3 Kf6 35. Rfe1 Rd8 36. Kg2 Rd4 37. Nb2 Rc7 38. Nd1 Ke7 39. Nf2 Rc3 40. Rh1 Bc6 41. g4 hxg4 42. Nxg4 Bf4 43. h5 Bxe4+ 44. Rxe4 Rxe4 45. Bxe4 Rg3+ 46. Kf2 Rxg4 47. Bf3 Rg5 48. h6 gxh6 49. Rxh6 Rxf5 50. Ra6 Bd2 51. Rxa5 Bc3 52. Ra7+ Kd6 53. Ra6+ Kc7 54. Rc6+ Kb8 55. Rc4 Rg5 56. Rg4 Bd4+ 1/2-1/2

[Event "5th EKA IIFL Investment 2019"]
[Site "Mumbai"]
[Date "2019.12.30"]
[Round "1.3"]
[White "Aleksandrov, Aleksej"]
[Black "Rakshitta Ravi"]
[Result "1-0"]
[ECO "A50"]
[WhiteElo "2592"]
[BlackElo "2260"]
[Annotator "ChessBase"]
[PlyCount "58"]
[EventDate "2019.12.30"]
[EventType "swiss"]
[EventCountry "IND"]
[SourceTitle "playchess.com"]
[Source "ChessBase"]
[SourceQuality "1"]
[TimeControl "40/5400+30:1800+30"]

1. d4 Nf6 2. c4 Nc6 3. Nf3 e6 4. Nc3 Bb4 5. Qc2 Qe7 6. Bd2 d6 7. e4 Bxc3 8. Bxc3 e5 9. d5 Nb8 10. g3 a5 11. Nd2 O-O 12. Bg2 b6 13. O-O Na6 14. a3 Ng4 15. h3 Nh6 16. f4 f5 17. Rae1 Nc5 18. b4 axb4 19. axb4 Nxe4 20. Nxe4 fxe4 21. fxe5 Rxf1+ 22. Rxf1 Nf5 23. e6 Qg5 24. Qf2 Qe3 25. Qxe3 Nxe3 26. Rf7 Nd1 27. Rxg7+ Kf8 28. Bf6 Bb7 29. Rxh7 Bc8 1-0

[Event "5th EKA IIFL Investment 2019"]
[Site "Mumbai"]
[Date "2019.12.30"]
[Round "1.4"]
[White "Jeet, Jain"]
[Black "Yakubboev, Nodirbek"]
[Result "0-1"]
[ECO "C47"]
[WhiteElo "2258"]
[BlackElo "2592"]
[Annotator "ChessBase"]
[PlyCount "117"]
[EventDate "2019.12.30"]
[EventType "swiss"]
[EventCountry "IND"]
[SourceTitle "playchess.com"]
[Source "ChessBase"]
[SourceQuality "1"]
[TimeControl "40/5400+30:1800+30"]

1. e4 Nf6 2. Nc3 e5 3. Nf3 Nc6 4. d4 exd4 5. Nxd4 Bb4 6. Nxc6 bxc6 7. Bd3 d6 8. Bg5 h6 9. Bh4 Be6 10. O-O g5 11. Bg3 h5 12. f3 h4 13. Bf2 Bxc3 14. bxc3 Nd7 15. Ba6 c5 16. Bb5 Kf8 17. Bxd7 Qxd7 18. h3 Rb8 19. Qd2 Rg8 20. Kh2 Qc6 21. Rfb1 Rxb1 22. Rxb1 Ke7 23. Qc1 Qa4 24. a3 f6 25. Rb7 Kd7 26. Rb1 Ba2 27. Ra1 Bc4 28. Rb1 Ra8 29. Qb2 Qc6 30. Qb7 Qxb7 31. Rxb7 Kc6 32. Rb1 Re8 33. Re1 Rb8 34. f4 Rb2 35. fxg5 fxg5 36. Be3 g4 37. hxg4 Rxc2 38. Kh3 Rxc3 39. Kxh4 Rxa3 40. Bf4 Ra2 41. g3 a5 42. e5 a4 43. g5 Rh2+ 44. Kg4 Be6+ 45. Kf3 a3 46. exd6 Bd5+ 47. Ke3 cxd6 48. g6 Rh1 49. Rxh1 Bxh1 50. Bg5 a2 51. Bf6 d5 52. Ba1 d4+ 53. Kd3 Bd5 54. g4 Be6 55. g7 Kd5 56. Kc2 Ke4 57. g5 c4 58. Kd2 c3+ 59. Kc2 0-1

[Event "5th EKA IIFL Investment 2019"]
[Site "Mumbai"]
[Date "2019.12.30"]
[Round "1.5"]
[White "Puranik, Abhimanyu"]
[Black "Luong, Phuong Hanh"]
[Result "1-0"]
[ECO "A05"]
[WhiteElo "2580"]
[BlackElo "2256"]
[Annotator "ChessBase"]
[PlyCount "69"]
[EventDate "2019.12.30"]
[EventType "swiss"]
[EventCountry "IND"]
[SourceTitle "playchess.com"]
[Source "ChessBase"]
[SourceQuality "1"]
[TimeControl "40/5400+30:1800+30"]

1. Nf3 Nf6 2. g3 g6 3. b3 Bg7 4. Bb2 d6 5. d4 O-O 6. Bg2 Nc6 7. O-O e5 8. dxe5 Nd7 9. c4 Ndxe5 10. Nxe5 dxe5 11. Nc3 Be6 12. Nd5 Qd7 13. Qd2 Rfd8 14. Qg5 Bxd5 15. cxd5 Nd4 16. Qd2 Qg4 17. f3 Qf5 18. e3 Qc2 19. Rf2 Qxd2 20. Rxd2 Nf5 21. e4 Nd4 22. Rc1 c6 23. f4 cxd5 24. fxe5 Nc6 25. exd5 Nxe5 26. Rc7 Bh6 27. Re2 Nd3 28. Bf6 Re8 29. Rxe8+ Rxe8 30. d6 Be3+ 31. Kf1 Bc5 32. Re7 Rd8 33. Re2 Rf8 34. d7 Bb6 35. Re8 1-0

[Event "5th EKA IIFL Investment 2019"]
[Site "Mumbai"]
[Date "2019.12.30"]
[Round "1.6"]
[White "Souhardo Basak"]
[Black "Bogdanovich, Stanislav"]
[Result "0-1"]
[ECO "B32"]
[WhiteElo "2254"]
[BlackElo "2562"]
[Annotator "ChessBase"]
[PlyCount "60"]
[EventDate "2019.12.30"]
[EventType "swiss"]
[EventCountry "IND"]
[SourceTitle "playchess.com"]
[Source "ChessBase"]
[SourceQuality "1"]
[TimeControl "40/5400+30:1800+30"]

1. e4 c5 2. Nf3 Nc6 3. d4 cxd4 4. Nxd4 g6 5. Be3 Nf6 6. Nc3 Bg7 7. Be2 O-O 8. O-O d5 9. Nxc6 bxc6 10. e5 Ne8 11. f4 f6 12. Bd4 fxe5 13. fxe5 Rxf1+ 14. Bxf1 Nc7 15. Na4 Ne6 16. Qd2 Nxd4 17. Qxd4 Rb8 18. b4 Qd6 19. c3 Bxe5 20. Qxa7 Bxh2+ 21. Kh1 g5 22. Be2 Qh6 23. Bf3 g4 24. Bd1 Bg3+ 25. Kg1 Qh2+ 26. Kf1 Ba6+ 27. Qxa6 Qh1+ 28. Ke2 Qe1+ 29. Kd3 Qe4+ 30. Kd2 Bf4# 0-1

[Event "5th EKA IIFL Investment 2019"]
[Site "Mumbai"]
[Date "2019.12.30"]
[Round "1.7"]
[White "Fedorov, Alexei"]
[Black "Vatsal Singhania"]
[Result "1/2-1/2"]
[ECO "B24"]
[WhiteElo "2562"]
[BlackElo "2252"]
[Annotator "ChessBase"]
[PlyCount "98"]
[EventDate "2019.12.30"]
[EventType "swiss"]
[EventCountry "IND"]
[SourceTitle "playchess.com"]
[Source "ChessBase"]
[SourceQuality "1"]
[TimeControl "40/5400+30:1800+30"]

1. e4 c5 2. Nc3 Nc6 3. Bb5 Nd4 4. Nf3 Nxb5 5. Nxb5 a6 6. Nc3 d6 7. d4 cxd4 8. Nxd4 Nf6 9. Bg5 e6 10. Qd3 Be7 11. O-O-O Bd7 12. Rhe1 b5 13. a3 h6 14. Bh4 Rc8 15. f4 O-O 16. g4 Nxg4 17. Bxe7 Qxe7 18. Qg3 Nf6 19. Rg1 Ne8 20. Rdf1 Rc4 21. Qe3 Kh7 22. e5 f5 23. exd6 Nxd6 24. Nd5 Qd8 25. Nxe6 Bxe6 26. Qxe6 Ne8 27. Ne3 Rf6 28. Qd5 Qxd5 29. Nxd5 Rfc6 30. Rg2 Re4 31. Nb4 Rce6 32. Nd3 Nf6 33. Nc5 Re1+ 34. Rxe1 Rxe1+ 35. Kd2 Rf1 36. Ne6 Nh5 37. Ke2 Rb1 38. b4 Ra1 39. Ke3 Kg8 40. Rf2 Rxa3+ 41. Kd4 Kf7 42. Nc5 Ra1 43. Kd5 a5 44. Kc6 axb4 45. Kxb5 Rb1 46. Nb3 Re1 47. Nc5 Rb1 48. Nb3 Re1 49. Nc5 Rb1 1/2-1/2

[Event "5th EKA IIFL Investment 2019"]
[Site "Mumbai"]
[Date "2019.12.30"]
[Round "1.8"]
[White "Raahul V S"]
[Black "Tukhaev, Adam"]
[Result "1/2-1/2"]
[ECO "A33"]
[WhiteElo "2252"]
[BlackElo "2552"]
[Annotator "ChessBase"]
[PlyCount "80"]
[EventDate "2019.12.30"]
[EventType "swiss"]
[EventCountry "IND"]
[SourceTitle "playchess.com"]
[Source "ChessBase"]
[SourceQuality "1"]
[TimeControl "40/5400+30:1800+30"]

1. c4 c5 2. Nf3 Nf6 3. Nc3 e6 4. d4 cxd4 5. Nxd4 Nc6 6. g3 d5 7. cxd5 exd5 8. Bg2 Bc5 9. Nb3 Bb6 10. Nxd5 Be6 11. e4 Bg4 12. Qd3 Nxd5 13. exd5 O-O 14. O-O Ne5 15. Qc3 Re8 16. Be3 Rc8 17. Bxb6 axb6 18. Qd4 Nf3+ 19. Bxf3 Bxf3 20. Rac1 Rxc1 21. Rxc1 Qd7 22. Nd2 Bxd5 23. Nf1 Qe6 24. Rc3 Bc6 25. Re3 Qxa2 26. Rxe8+ Bxe8 27. Qxb6 Qd5 28. Ne3 Qe4 29. Qd8 h6 30. Nd5 Kh7 31. Ne7 Qe1+ 32. Kg2 Qe4+ 33. Kg1 Qe1+ 34. Kg2 Bc6+ 35. Nxc6 Qe4+ 36. Kf1 bxc6 37. Qd6 f6 38. h4 Kg6 39. Qd7 h5 40. b4 Qb1+ 1/2-1/2

[Event "5th EKA IIFL Investment 2019"]
[Site "Mumbai"]
[Date "2019.12.30"]
[Round "1.9"]
[White "Chanda, Sandipan"]
[Black "Sapaev, Maksad"]
[Result "1/2-1/2"]
[ECO "E46"]
[WhiteElo "2545"]
[BlackElo "2250"]
[Annotator "ChessBase"]
[PlyCount "87"]
[EventDate "2019.12.30"]
[EventType "swiss"]
[EventCountry "IND"]
[SourceTitle "playchess.com"]
[Source "ChessBase"]
[SourceQuality "1"]
[TimeControl "40/5400+30:1800+30"]

1. d4 Nf6 2. c4 e6 3. Nc3 Bb4 4. e3 O-O 5. Bd2 d5 6. Nf3 b6 7. cxd5 exd5 8. Rc1 Bb7 9. Bd3 Bd6 10. Nb5 c5 11. Nxd6 Qxd6 12. O-O Nc6 13. dxc5 bxc5 14. Bc3 d4 15. Bb5 Ne5 16. Nxe5 Qxe5 17. Bd2 Rad8 18. Ba5 Qg5 19. e4 Nxe4 20. Bxd8 Rxd8 21. f4 Qg6 22. Bd3 f5 23. Qb3+ Bd5 24. Bc4 Bxc4 25. Rxc4 Qf7 26. Rd1 h6 27. Rd3 Kh7 28. Rc1 Qg6 29. Qb7 Rd6 30. b4 Rb6 31. Qxa7 Rb5 32. Qa3 Rb6 33. h3 Qe6 34. Rxc5 Nxc5 35. bxc5 Rb1+ 36. Kh2 Rf1 37. Rxd4 Rf2 38. Rd3 Qg6 39. Rg3 Qf7 40. c6 Rxa2 41. Qd6 Ra1 42. Re3 Ra2 43. Rg3 Re2 44. Rd3 1/2-1/2

[Event "5th EKA IIFL Investment 2019"]
[Site "Mumbai"]
[Date "2019.12.30"]
[Round "1.10"]
[White "Varun, Vij"]
[Black "David, Alberto"]
[Result "1/2-1/2"]
[ECO "A80"]
[WhiteElo "1964"]
[BlackElo "2545"]
[Annotator "ChessBase"]
[PlyCount "112"]
[EventDate "2019.12.30"]
[EventType "swiss"]
[EventCountry "IND"]
[SourceTitle "playchess.com"]
[Source "ChessBase"]
[SourceQuality "1"]
[TimeControl "40/5400+30:1800+30"]

1. d4 f5 2. Nc3 d5 3. Bf4 Nf6 4. e3 a6 5. Nf3 e6 6. Bd3 c5 7. dxc5 Bxc5 8. O-O O-O 9. Ne2 Nc6 10. c4 Nb4 11. a3 Nxd3 12. Qxd3 Bd7 13. Ne5 Rc8 14. Nxd7 Qxd7 15. Rfd1 Qf7 16. cxd5 Nxd5 17. Nc3 Nxf4 18. exf4 Qf6 19. Qd7 Rb8 20. Re1 Rfe8 21. Re5 Rbd8 22. Qxb7 Bd4 23. Re2 Bxc3 24. bxc3 Qxc3 25. Qb2 Rd3 26. Qxc3 Rxc3 27. g3 Kf7 28. Re5 Rb8 29. Ra5 Rb6 30. Re1 g6 31. Rd1 Ke7 32. Rd2 Rcc6 33. Kf1 Rb1+ 34. Ke2 Rb3 35. h4 h6 36. Ra4 Kf6 37. Ra5 g5 38. hxg5+ hxg5 39. fxg5+ Kxg5 40. Kf1 Kf6 41. Re2 Rb1+ 42. Kg2 Rd1 43. Ra4 Rd3 44. Ra5 Rdc3 45. f3 R3c5 46. Ra4 Rc4 47. Ra5 Rd4 48. Kf2 Rd3 49. Kg2 Kf7 50. Ra4 Rcc3 51. Rxa6 Rxf3 52. Rexe6 Rxg3+ 53. Kf2 Rcf3+ 54. Ke2 Rxa3 55. Rf6+ Kg7 56. Rxa3 Rxa3 1/2-1/2

[Event "5th EKA IIFL Investment 2019"]
[Site "Mumbai"]
[Date "2019.12.30"]
[Round "1.11"]
[White "Gholami, Aryan"]
[Black "Panesar Vedant"]
[Result "1-0"]
[ECO "A05"]
[WhiteElo "2541"]
[BlackElo "2247"]
[Annotator "ChessBase"]
[PlyCount "53"]
[EventDate "2019.12.30"]
[EventType "swiss"]
[EventCountry "IND"]
[SourceTitle "playchess.com"]
[Source "ChessBase"]
[SourceQuality "1"]
[TimeControl "40/5400+30:1800+30"]

1. Nf3 Nf6 2. b3 d5 3. Bb2 e6 4. e3 Be7 5. c4 O-O 6. Be2 c5 7. Nc3 Nc6 8. cxd5 Nxd5 9. Ne4 b6 10. Qc2 Ncb4 11. Qb1 Ba6 12. Bxa6 Nxa6 13. a3 h6 14. g4 Nf6 15. Rg1 Nxe4 16. Qxe4 Bf6 17. Bxf6 Qxf6 18. Ke2 g6 19. Qb7 e5 20. g5 hxg5 21. Qxa6 g4 22. Ne1 Qh4 23. Qc4 Qxh2 24. Rxg4 Qh5 25. Nf3 b5 26. Qe4 Rae8 27. Rh4 1-0

[Event "5th EKA IIFL Investment 2019"]
[Site "Mumbai"]
[Date "2019.12.30"]
[Round "1.12"]
[White "Ojas Kulkarni"]
[Black "Deepan Chakkravarthy J."]
[Result "0-1"]
[ECO "A61"]
[WhiteElo "2246"]
[BlackElo "2535"]
[Annotator "ChessBase"]
[PlyCount "52"]
[EventDate "2019.12.30"]
[EventType "swiss"]
[EventCountry "IND"]
[SourceTitle "playchess.com"]
[Source "ChessBase"]
[SourceQuality "1"]
[TimeControl "40/5400+30:1800+30"]

1. d4 Nf6 2. c4 c5 3. d5 e6 4. Nc3 exd5 5. cxd5 d6 6. Nf3 g6 7. Bf4 Bg7 8. Qa4+ Bd7 9. Qb3 Qc7 10. e4 O-O 11. Be2 Na6 12. Nd2 Rfb8 13. Nc4 Ne8 14. e5 dxe5 15. d6 Nxd6 16. Nd5 Qd8 17. Nxd6 Be6 18. O-O-O exf4 19. Bc4 Bd4 20. Nb5 Bxd5 21. Bxd5 Qf6 22. Kb1 Rd8 23. Nxd4 cxd4 24. Qxb7 Rab8 25. Bxf7+ Kf8 26. Qxa7 Ra8 0-1

[Event "5th EKA IIFL Investment 2019"]
[Site "Mumbai"]
[Date "2019.12.30"]
[Round "1.13"]
[White "Stupak, Kirill"]
[Black "Lokesh, N.."]
[Result "1-0"]
[ECO "D35"]
[WhiteElo "2529"]
[BlackElo "2240"]
[Annotator "ChessBase"]
[PlyCount "101"]
[EventDate "2019.12.30"]
[EventType "swiss"]
[EventCountry "IND"]
[SourceTitle "playchess.com"]
[Source "ChessBase"]
[SourceQuality "1"]
[TimeControl "40/5400+30:1800+30"]

1. d4 Nf6 2. c4 e6 3. Nc3 d5 4. cxd5 exd5 5. Bg5 Be7 6. e3 O-O 7. Bd3 Nbd7 8. Qc2 b6 9. Nf3 Bb7 10. Bf4 c5 11. O-O g6 12. Rfd1 Rc8 13. Be2 Ne4 14. dxc5 Rxc5 15. Nd4 Bh4 16. Rf1 Re8 17. Qa4 Nxc3 18. bxc3 a6 19. Qb4 Be7 20. Qb2 Bf8 21. a4 Bc8 22. Rab1 Qf6 23. Rfd1 h5 24. h3 Bg7 25. Bf3 Ra5 26. Bc7 Rxa4 27. Bxd5 b5 28. c4 Nb6 29. Bxb6 Qxb6 30. cxb5 Bxd4 31. Qb3 Bxe3 32. Bxf7+ Kf8 33. Bxe8 Bxf2+ 34. Kh1 Rf4 35. Bd7 Bb7 36. Bc6 axb5 37. Bxb7 Qxb7 38. Qe6 Qe4 39. Rd8+ Kg7 40. Qg8+ Kh6 41. Rbd1 Bb6 42. Re8 Qc4 43. Qh8+ Kg5 44. Qe5+ Kh4 45. Qe7+ g5 46. g3+ Kxg3 47. Qxg5+ Kxh3 48. Qxh5+ Kg3 49. Qh2+ Kg4 50. Qg2+ Kf5 51. Rd5+ 1-0

[Event "5th EKA IIFL Investment 2019"]
[Site "Mumbai"]
[Date "2019.12.30"]
[Round "1.14"]
[White "Navalgund, Niranjan"]
[Black "Debashis, Das"]
[Result "1-0"]
[ECO "A40"]
[WhiteElo "2231"]
[BlackElo "2523"]
[Annotator "ChessBase"]
[PlyCount "79"]
[EventDate "2019.12.30"]
[EventType "swiss"]
[EventCountry "IND"]
[SourceTitle "playchess.com"]
[Source "ChessBase"]
[SourceQuality "1"]
[TimeControl "40/5400+30:1800+30"]

1. d4 e6 2. c4 b6 3. e4 Bb7 4. Bd3 Nc6 5. Nf3 Nb4 6. Nc3 Nxd3+ 7. Qxd3 d6 8. Bg5 Qd7 9. O-O Ne7 10. Nd2 h6 11. Be3 g6 12. d5 Bg7 13. f4 O-O 14. dxe6 fxe6 15. Bd4 e5 16. Bxe5 Nc6 17. Bxg7 Qxg7 18. Nd5 Rf7 19. b3 Raf8 20. Rae1 a5 21. a3 Kh8 22. Re3 Nd4 23. g3 Bc8 24. Nf3 Nc6 25. Qc3 Kh7 26. Qxg7+ Kxg7 27. Kg2 Re8 28. h3 Bb7 29. Rfe1 Bc8 30. g4 Bb7 31. Kg3 Bc8 32. h4 Ba6 33. e5 Re6 34. exd6 Rxd6 35. Ne5 Nxe5 36. fxe5 Re6 37. Nf4 Rc6 38. e6 Re7 39. Nd5 Re8 40. Rf3 1-0

[Event "5th EKA IIFL Investment 2019"]
[Site "Mumbai"]
[Date "2019.12.30"]
[Round "1.15"]
[White "Rios, Cristhian Camilo"]
[Black "Subhayan Kundu"]
[Result "1/2-1/2"]
[ECO "A85"]
[WhiteElo "2505"]
[BlackElo "2222"]
[Annotator "ChessBase"]
[PlyCount "80"]
[EventDate "2019.12.30"]
[EventType "swiss"]
[EventCountry "IND"]
[SourceTitle "playchess.com"]
[Source "ChessBase"]
[SourceQuality "1"]
[TimeControl "40/5400+30:1800+30"]

1. d4 f5 2. c4 Nf6 3. Nc3 d6 4. Bg5 Nbd7 5. Qc2 g6 6. Nh3 e5 7. dxe5 dxe5 8. O-O-O c6 9. e4 h6 10. Bxf6 Qxf6 11. f4 Nc5 12. Bd3 Be7 13. Rhe1 O-O 14. fxe5 Qh4 15. exf5 Nxd3+ 16. Qxd3 Bxf5 17. Qd4 Rad8 18. Qxh4 Bxh4 19. Rf1 Bxh3 20. gxh3 Rxf1 21. Rxf1 Re8 22. Ne4 Rxe5 23. Nd6 b5 24. Rf3 Be7 25. Nf7 Rh5 26. b3 Kg7 27. Kd2 bxc4 28. bxc4 Ra5 29. a4 Rxa4 30. Ne5 Bf6 31. Nxc6 a6 32. c5 Rc4 33. Nb8 Rxc5 34. Nxa6 Rc4 35. Kd3 Rc3+ 36. Ke2 Rc2+ 37. Kd3 Rxh2 38. Nc7 Ra2 39. Ne8+ Kf7 40. Rxf6+ Kxe8 1/2-1/2

[Event "5th EKA IIFL Investment 2019"]
[Site "Mumbai"]
[Date "2019.12.30"]
[Round "1.16"]
[White "Wagh Suyog"]
[Black "Yudin, Sergei"]
[Result "0-1"]
[ECO "D30"]
[WhiteElo "2219"]
[BlackElo "2497"]
[Annotator "ChessBase"]
[PlyCount "60"]
[EventDate "2019.12.30"]
[EventType "swiss"]
[EventCountry "IND"]
[SourceTitle "playchess.com"]
[Source "ChessBase"]
[SourceQuality "1"]
[TimeControl "40/5400+30:1800+30"]

1. d4 d5 2. c4 e6 3. Nf3 c6 4. Qc2 dxc4 5. Qxc4 Nf6 6. g3 b5 7. Qb3 Bb7 8. Bg2 Nbd7 9. O-O a6 10. Ne5 Nxe5 11. dxe5 Nd7 12. Nc3 Be7 13. Ne4 Qb8 14. Rd1 c5 15. a4 c4 16. Qc3 Nc5 17. Nd6+ Bxd6 18. exd6 O-O 19. axb5 Bxg2 20. Qxc4 Rc8 21. Bf4 Bd5 22. Qb4 Qxb5 23. Qxb5 axb5 24. f3 Nd7 25. e4 Bb7 26. Rxa8 Rxa8 27. Kf2 f6 28. Be3 e5 29. Ke2 Kf7 30. Kd3 Rc8 0-1

[Event "5th EKA IIFL Investment 2019"]
[Site "Mumbai"]
[Date "2019.12.30"]
[Round "1.17"]
[White "Nigmatov, Ortik"]
[Black "Ziatdinov, Raset"]
[Result "0-1"]
[ECO "A06"]
[WhiteElo "2474"]
[BlackElo "2204"]
[Annotator "ChessBase"]
[PlyCount "158"]
[EventDate "2019.12.30"]
[EventType "swiss"]
[EventCountry "IND"]
[SourceTitle "playchess.com"]
[Source "ChessBase"]
[SourceQuality "1"]
[TimeControl "40/5400+30:1800+30"]

1. Nf3 d5 2. e3 Nc6 3. c4 d4 4. d3 e5 5. Be2 Nf6 6. exd4 exd4 7. O-O Be7 8. Na3 O-O 9. Nc2 Re8 10. a3 a5 11. b3 Bc5 12. Rb1 Qd6 13. h3 Bf5 14. Nh4 Bd7 15. Bf3 Rab8 16. Bxc6 bxc6 17. Bd2 Bb6 18. Qf3 c5 19. Bf4 Qc6 20. Rfe1 Rxe1+ 21. Rxe1 Qxf3 22. Nxf3 Bf5 23. Ne5 Re8 24. g4 Bc8 25. Bd2 Bb7 26. f4 Re7 27. Kf2 h5 28. Rg1 hxg4 29. hxg4 Nd7 30. Nxd7 Rxd7 31. Ne1 Rd8 32. a4 Rb8 33. Nf3 Bc6 34. Ne5 Be8 35. g5 c6 36. Ng4 Bd8 37. Rb1 Kf8 38. Kf3 f6 39. gxf6 gxf6 40. Nf2 Bh5+ 41. Kg2 f5 42. Rh1 Bg6 43. Bxa5 Bf6 44. Rb1 Bh5 45. Bc7 Rb7 46. Bd6+ Kg8 47. Kf1 Be7 48. Be5 Bd8 49. Kg2 Ba5 50. Rh1 Rh7 51. Rh3 Kf7 52. Rg3 Be1 53. Rh3 Kg6 54. Rh1 Bd2 55. Bd6 Rd7 56. Bxc5 Bxf4 57. Re1 Kf6 58. a5 Bd2 59. Rh1 Be2 60. Rh4 Be3 61. Rh3 f4 62. Ne4+ Ke5 63. a6 Rg7+ 64. Kh2 Bxd3 65. Nd2 Bxd2 66. Rxd3 Be3 67. a7 Rg8 68. b4 Ke4 69. Ra3 Rh8+ 70. Kg2 f3+ 71. Kg3 Rg8+ 72. Kh4 f2 73. Ra1 Kf3 74. Kh5 Rg5+ 75. Kh4 Rg6 76. Bf8 Rg8 77. Bh6 Rh8 78. Ra5 Rxh6+ 79. Rh5 f1=Q 0-1

[Event "5th EKA IIFL Investment 2019"]
[Site "Mumbai"]
[Date "2019.12.30"]
[Round "1.18"]
[White "Utsab Chatterjee"]
[Black "Taher, Yoseph Theolifus"]
[Result "0-1"]
[ECO "B28"]
[WhiteElo "2200"]
[BlackElo "2469"]
[Annotator "ChessBase"]
[PlyCount "52"]
[EventDate "2019.12.30"]
[EventType "swiss"]
[EventCountry "IND"]
[SourceTitle "playchess.com"]
[Source "ChessBase"]
[SourceQuality "1"]
[TimeControl "40/5400+30:1800+30"]

1. e4 c5 2. Nf3 a6 3. c4 e6 4. Nc3 Nc6 5. d4 cxd4 6. Nxd4 Qc7 7. Nc2 Nf6 8. Be2 Ne5 9. b3 Ng6 10. O-O Bd6 11. g3 b5 12. Bb2 bxc4 13. Bxc4 h5 14. Nd4 Qb8 15. f4 h4 16. Qd3 hxg3 17. hxg3 Bb7 18. Rae1 Qc7 19. Re2 Qc5 20. Na4 Qh5 21. Nf5 exf5 22. exf5+ Ne5 23. Qxd6 Qh1+ 24. Kf2 Qxf1+ 25. Kxf1 Rh1+ 26. Kf2 Nfg4# 0-1

[Event "5th EKA IIFL Investment 2019"]
[Site "Mumbai"]
[Date "2019.12.30"]
[Round "1.19"]
[White "Lugovskoy, Maxim"]
[Black "Praveen Kumar C"]
[Result "1-0"]
[ECO "B51"]
[WhiteElo "2466"]
[BlackElo "2199"]
[Annotator "ChessBase"]
[PlyCount "99"]
[EventDate "2019.12.30"]
[EventType "swiss"]
[EventCountry "IND"]
[SourceTitle "playchess.com"]
[Source "ChessBase"]
[SourceQuality "1"]
[TimeControl "40/5400+30:1800+30"]

1. e4 c5 2. Nf3 d6 3. Bb5+ Nd7 4. d4 cxd4 5. Qxd4 a6 6. Bxd7+ Bxd7 7. c4 Nf6 8. Nc3 e6 9. O-O Be7 10. a4 O-O 11. Bg5 Qc7 12. Rfd1 Rfd8 13. b3 Bc6 14. a5 Rac8 15. h3 h6 16. Bh4 Rb8 17. Rdc1 Be8 18. Qe3 b6 19. axb6 Rxb6 20. Rab1 Rdb8 21. c5 Rxb3 22. Rxb3 Rxb3 23. Nd5 exd5 24. Qxb3 dxe4 25. Nd4 dxc5 26. Nf5 Bf8 27. Nxh6+ gxh6 28. Bxf6 Qf4 29. Bb2 Bd6 30. g3 Qf5 31. Rd1 Be7 32. Re1 Bc6 33. Qb8+ Bf8 34. Qe5 Qxe5 35. Bxe5 c4 36. Rd1 f5 37. Rd8 Kf7 38. Rc8 Bb5 39. Bc3 Bd6 40. Kf1 f4 41. g4 f3 42. Ke1 a5 43. Bxa5 e3 44. Bc3 h5 45. gxh5 Bd7 46. Rd8 exf2+ 47. Kxf2 Bc5+ 48. Kxf3 Bxh3 49. h6 Bf5 50. Rd5 1-0

[Event "5th EKA IIFL Investment 2019"]
[Site "Mumbai"]
[Date "2019.12.30"]
[Round "1.20"]
[White "Aradhya, Garg"]
[Black "Neverov, Valeriy"]
[Result "0-1"]
[ECO "B90"]
[WhiteElo "2197"]
[BlackElo "2460"]
[Annotator "ChessBase"]
[PlyCount "74"]
[EventDate "2019.12.30"]
[EventType "swiss"]
[EventCountry "IND"]
[SourceTitle "playchess.com"]
[Source "ChessBase"]
[SourceQuality "1"]
[TimeControl "40/5400+30:1800+30"]

1. e4 c5 2. Nc3 d6 3. Nf3 Nf6 4. d4 cxd4 5. Nxd4 a6 6. Bd3 g6 7. Be3 Ng4 8. Bg5 Bg7 9. Nb3 Nc6 10. Qd2 h6 11. Bh4 Be6 12. f4 Qb6 13. h3 Qe3+ 14. Be2 Qxd2+ 15. Kxd2 Nf6 16. Rad1 O-O 17. Ke3 Rfc8 18. a3 Nd7 19. Bg4 Nb6 20. f5 Bd7 21. f6 Bxg4 22. hxg4 exf6 23. Kf2 Ne5 24. Na5 Nxg4+ 25. Ke2 Nc4 26. Nxc4 Rxc4 27. Rxd6 Re8 28. Rhd1 Rcc8 29. Kd2 g5 30. Bg3 f5 31. exf5 Bxc3+ 32. bxc3 Ne3 33. Rxh6 Rcd8+ 34. Bd6 Nxf5 35. Rdh1 Nxh6 36. Rxh6 Re6 37. Rxe6 fxe6 0-1